 Dungeon Crawl Stone Soup version 0.27.1-2-g3b301248ec (webtiles) character file.

Game seed: 6196298617923521905

22 Descartes the Sneak (level 2, 0/13 HPs)
             Began as a Spriggan Enchanter on Oct 2, 2021.
             Slain by a goblin (5 damage)
             ... led by Robin
             ... on level 2 of the Dungeon.
             The game lasted 00:01:30 (1224 turns).

Descartes the Sneak (Spriggan Enchanter)            Turns: 1224, Time: 00:01:32

Health: 0/13       AC:  2    Str:  4    XL:     2   Next: 68%
Magic:  6/6        EV: 17    Int: 16    God:
Gold:   15         SH:  0    Dex: 15    Spells: 5/6 levels left

rFire    . . .     SeeInvis +   a - +1 dagger
rCold    . . .     Faith    .   (shield restricted)
rNeg     . . .     Spirit   .   b - +0 robe
rPois    .         Reflect  .   (helmet restricted)
rElec    .         Harm     .   (no cloak)
rCorr    .         Rampage  .   (gloves unavailable)
Will     .....                  (boots unavailable)
Stlth    +++.......             (no amulet)
HPRegen  0.04/turn              (no ring)
MPRegen  0.10/turn              (no ring)

@: very quick
A: very small, no large weapons, unfitting armour, see invisible, speed 3
a: no special abilities


You were on level 2 of the Dungeon.
You visited 1 branch of the dungeon, and saw 2 of its levels.

You collected 15 gold pieces.

Inventory:

Hand Weapons
 a - a +1 dagger (weapon)
Missiles
 d - 22 bolts
 g - 4 stones
Armour
 b - a +0 robe (worn)
Scrolls
 c - a scroll of silence {unknown}
 e - a scroll of identify {unknown}
Potions
 f - a potion of brilliance {unknown}
 h - a potion of lignification {unknown}


   Skills:
 + Level 1.7 Short Blades
 + Level 3.2 Dodging
 + Level 4.8 Stealth
 - Level 2.6 Spellcasting
 + Level 4.0 Hexes


You had 5 spell levels left.
You knew the following spells:

 Your Spells              Type           Power      Damage    Failure   Level
a - Corona                Hex            16%        N/A       3%          1

Your spell library contained the following spells:

 Spells                   Type           Power      Damage    Failure   Level
 Confusing Touch          Hex            15%        N/A       11%         3
 Tukima's Dance           Hex            15%        N/A       11%         3
 Ensorcelled Hibernation  Hex/Ice        16%        N/A       13%         2
 Animate Skeleton         Necr           4%         N/A       19%         1
 Pain                     Necr           8%         1d4       19%         1
 Dazzling Flash           Conj/Hex       16%        N/A       26%         3
 Vampiric Draining        Necr           1%         2d6       50%         3


Dungeon Overview and Level Annotations

Branches:
Dungeon (2/15)

Altars:
Trog

Shops:
D:2 ?

Annotations:
D:2 Jessica, Robin


Innate Abilities, Weirdness & Mutations

You are very small and have problems with some larger weapons.
You are too small for most types of armour.
You have supernaturally acute eyesight. (SInv)
You cover ground extremely quickly. (Speed+++)


Message History

4 goblins, a hobgoblin and Jessica come into view.
The kobold shouts!
A goblin and Robin come into view.
Found Jym Moassi's Magic Scroll Shop.
Jessica shouts!
The goblin shouts!
Robin roars a battlecry!
The goblins go into a battle-frenzy!
The kobold misses you.
You see here 19 sling bullets.
Robin throws the goblin at you! Robin throws the goblin at you!
There is a stone staircase leading up here.
The goblin misses you.
The goblin shouts!
You climb upwards.
There is a stone staircase leading down here.
You hit the goblin.
The goblin is severely wounded.
The goblin hits you with a +0 club.
You hit the goblin.
You kill the goblin!
You see here a +0 club.
HP restored.
Done exploring.
There is a stone staircase leading down here.
You climb downwards.
Level annotation: Jessica, Robin The goblin hits you with a +0 dagger.
Jessica shouts, "I don't like beings like you!"
Robin throws the goblin at you! The hobgoblin closely misses you.
The goblin shouts!
There is a stone staircase leading up here.
The goblin shouts! x2
The goblin hits you with a +0 dagger. The goblin hits you with a +0 club.
The goblin hits you with a +0 dagger.
Robin roars a battlecry!
The goblins go into a battle-frenzy!
Jessica grins evilly.
The hobgoblin misses you. The goblin hits you with a +0 club.
You die...

#### . ... #.##g####
#..gg@g.# ##
#..ggg..#############.
#...@gK...........<[..
#.....g..(...#########.
#...g....###.# #.
#..g.....# #.#########.
#.......∩# #........##.
#..##.##.# ########.##.
#.. #. #.# #######.##.


You could see Robin, Jessica, 2 hobgoblins, 8 goblins and a kobold.

Vanquished Creatures
  2 ball pythons (D:1)
  2 giant cockroaches (D:1)
  5 goblins (D:1)
  A hobgoblin (D:1)
  A kobold (D:1)
  A quokka (D:2)
  3 bats
  A frilled lizard (D:1)
  4 rats
20 creatures vanquished.

Notes
Turn   | Place    | Note
-------+----------+-------------------------------------------
     0 | D:1      | Descartes the Spriggan Enchanter began the quest for the
                  | Orb.
     0 | D:1      | Reached XP level 1. HP: 9/9 MP: 5/5
    20 | D:1      | Found a faded altar of an unknown god.
   351 | D:1      | Reached XP level 2. HP: 13/13 MP: 6/6
  1040 | D:2      | Found a bloodstained altar of Trog.
  1120 | D:2      | Noticed Jessica
  1121 | D:2      | Found Jym Moassi's Magic Scroll Shop.
  1121 | D:2      | Noticed Robin
  1224 | D:2      | Slain by a goblin

Illustrated notes

Levels and vault maps discovered:
D:1:      wander_arrival_desolate, layout_basic, basic_ecumenical_altar,
          minmay_tromino_mix6
D:2:      minmay_evil_eye, layout_loops_ring, basic_altar, serial_shops,
          nicolae_shop_waterfront, shop, shop, shop, uniq_jessica, uniq_robin,
          uniq_terence

Skill      XL: |  1  2 |
---------------+-------+-----
Dodging        | 3 |  3.2
Hexes          | 4 |  4.0
Short Blades   | |  1.7
Stealth        | |  4.8
Spellcasting   | |  2.6

Action                   || total
-------------------------++-------
Melee: Dagger            ||    59
 Stab: Sleeping          ||     6
Armor: Robe              ||     4
Dodge: Dodged            ||    50
